Map: Ruines d’Endion

Players

ALAKAR

  • Race: Protoss Protoss
  • League: Gold
  • Spawn Location: 5:00

zidar - Winner!

  • Race: Zerg Zerg
  • League: Gold
  • Spawn Location: 7:00

VOD

Have the link to the VOD?

Description

Time

  • Played on: June 16, 2016, 2:48 p.m.
  • Length: 7:38
Show
View Real Time Build Order
Export as new Build Order

ALAKAR Protoss 

Build Orders: 1 Gate Expand 

Get SALT Encoding   

  12  0:01  Probe (Chrono Boost)  
  13  0:12  Probe (Chrono Boost)  
  14  0:22  Probe (Chrono Boost)  
  14  0:23  Pylon  
  15  0:41  Probe (Chrono Boost), Gateway  
  16  0:48  Assimilator  
  16  0:52  Probe (Chrono Boost)  
  17  1:02  Probe (Chrono Boost)  
  17  1:04  Gateway  
  18  1:13  Probe (Chrono Boost)  
  19  1:35  Nexus  
  19  1:44  Cybernetics Core  
  19  1:46  Probe (Chrono Boost)  
  20  1:51  Assimilator  
  20  2:04  Pylon  
  20  2:11  Probe (Chrono Boost)  
  21  2:21  Warp Gate  
  21  2:22  Probe (Chrono Boost)  
  22  2:29  Gateway  
  22  2:37  Robotics Facility  
  22  2:42  Probe (Chrono Boost)  
  23  2:48  Probe (Chrono Boost)  
  24  2:53  Probe (Chrono Boost)  
  25  2:58  Probe (Chrono Boost)  
  25  3:03  Probe (Chrono Boost)  
  27  3:09  Probe (Chrono Boost)  
  28  3:14  Probe (Chrono Boost)  
  29  3:24  Probe (Chrono Boost)  
  30  3:27  Observer  
  30  3:29  Gateway  
  30  3:31  Stalker  
  33  3:38  Pylon  
  33  3:43  Probe (Chrono Boost)  
  33  3:46  Assimilator  
  33  3:47  Assimilator  
  34  3:50  Probe (Chrono Boost)  
  35  4:00  Probe (Chrono Boost)  
  35  4:01  Immortal  
  40  4:09  Twilight Council  
  40  4:11  Probe (Chrono Boost)  
  26  4:26  Zealot  
  26  4:29  Zealot  
  20  4:53  Probe (Chrono Boost)  
  20  5:03  Probe x2 (Chrono Boost)  
  22  5:09  Sentry  
  22  5:14  Probe x2 (Chrono Boost)  
  26  5:29  Zealot x2  
  30  5:37  Probe (Chrono Boost)  
  31  5:45  Stalker  
  31  5:47  Probe (Chrono Boost)  
  34  5:57  Probe  
  34  6:14  Sentry  
  34  6:16  Stalker  
  36  6:20  Immortal  
  40  6:28  Pylon  
  34  6:56  Stalker  
  34  6:57  Stalker  
  34  6:58  Stalker  
  28  7:23  Zealot x3  
Show
View Real Time Build Order
Export as new Build Order

zidar Zerg - Winner!

Build Orders: Pool First 

Get SALT Encoding   

  12  0:02  Drone  
  13  0:12  Overlord  
  13  0:17  Drone  
  14  0:30  Drone  
  14  0:31  Drone  
  14  0:35  Drone  
  17  0:49  Spawning Pool  
  16  0:50  Drone  
  17  1:16  Drone  
  18  1:18  Hatchery  
  18  1:19  Extractor  
  18  1:22  Drone  
  17  1:29  Drone  
  18  1:47  Overlord  
  18  1:49  Drone  
  19  1:58  Drone  
  20  2:01  Queen  
  20  2:03  Overlord  
  22  2:12  Drone  
  22  2:19  Roach Warren  
  21  2:26  Metabolic Boost  
  21  2:37  Queen  
  23  2:51  Drone x5  
  23  2:58  Extractor  
  27  3:00  Drone  
  28  3:12  Zergling x8  
  32  3:13  Zergling x2  
  32  3:17  Pneumatized Carapace  
  33  3:27  Zergling x2  
  33  3:28  Zergling x4  
  36  3:43  Drone  
  37  4:00  Drone x7  
  37  4:02  Overlord x2  
  42  4:52  Roach x4, Zergling x2  
  48  4:53  Zergling x8  
  49  5:05  Roach x2  
  49  5:06  Zergling x4  
  55  5:22  Roach  
  55  5:23  Roach  
  59  5:37  Overlord  
  59  5:38  Overlord x4  
  59  5:40  Lair  
  59  5:54  Hatchery  
  58  5:57  Roach  
  58  5:58  Roach x4  
  58  5:59  Zergling x2  
  62  6:36  Ravager x2  
  62  6:37  Ravager x2  
  66  6:40  Roach x7  
  66  6:41  Zergling x10  
Tags
 
Add a new tag
Caveats
  • Supply blocks, unpowered buildings, or Contaminate may cause inaccurate times.
  • Supply counts are checked every 10 seconds.